 Dungeon Crawl Stone Soup version 0.29-a0-1043-g569b05d6ff (webtiles) character file.

Game seed: 6108464680982578746

3306 Bravis the Protected (level 10, -4/77 HPs)
             Began as a Gnoll Wanderer on Aug 15, 2022.
             Slain by Erica
             ... wielding a +4 scimitar of flaming
              (17 damage)
             ... on level 8 of the Dungeon.
             The game lasted 00:50:29 (8668 turns).

Bravis the Protected (Gnoll Wanderer)               Turns: 8668, Time: 00:50:29

Health: -4/77      AC:  7    Str: 28    XL:     10   Next: 1%
Magic:  17/17      EV:  9    Int: 11    God:
Gold:   401        SH: 12    Dex: 10    Spells: 19/19 levels left

rFire   . . .      SeeInvis .   b - +6 scimitar of Calculation {drain, *Rage Fly Str+4}
rCold   . . .      Faith    .   h - +0 tower shield
rNeg    . . .      Spirit   .   p - +0 troll leather armour
rPois   .          Reflect  .   (no helmet)
rElec   .          Harm     .   (no cloak)
rCorr   .          Rampage  .   i - +0 pair of gloves
Will    .....      Rage     20% (no boots)
Stlth   +++.......              o - amulet of regeneration
HPRegen 1.82/turn               f - +6 ring of strength
MPRegen 0.15/turn               y - +4 ring of slaying

@: mighty, lethally poisoned (-4 -> -5), flying, slowed, very slow
A: fangs 1, strong nose, distributed training
a: no special abilities


You were on level 8 of the Dungeon.
You visited 2 branches of the dungeon, and saw 9 of its levels.

You collected 401 gold pieces.

Inventory:

Hand Weapons
 b - the +6 scimitar of Calculation (weapon) {drain, *Rage Fly Str+4}
   (You found it on level 6 of the Dungeon)

   A truly terrible weapon, it drains the life of any living foe it strikes.
   Str:       It affects your strength (+4).
   Fly:       It grants you flight.
   *Rage:     It berserks you when you make melee attacks (+20% chance).
Armour
 h - a +0 tower shield (worn)
 i - a +0 pair of gloves (worn)
 p - a +0 troll leather armour (worn)
Jewellery
 f - a +6 ring of strength (left hand)
 o - an amulet of regeneration (around neck)
 y - a +4 ring of slaying (right hand)
Wands
 q - a wand of paralysis (1)
 t - a wand of digging (6)
 u - a wand of acid (5)
 x - a wand of polymorph (3)
Scrolls
 d - 2 scrolls of fog
 j - 3 scrolls of identify
 k - a scroll of teleportation
 l - a scroll of amnesia
 m - a scroll of blinking
 r - a scroll of enchant weapon
Potions
 a - a potion of might
 e - a potion of brilliance
 g - a potion of ambrosia
 n - 4 potions of haste
 s - a potion of resistance


   Skills:
 + Level 6.8 Fighting
 + Level 5.0 Short Blades
 + Level 5.0 Long Blades
 + Level 5.0 Axes
 + Level 5.0 Maces & Flails
 + Level 5.0 Polearms
 + Level 5.0 Staves
 + Level 5.7 Ranged Weapons
 + Level 5.0 Throwing
 + Level 11.5 Armour
 + Level 5.0 Dodging
 + Level 6.6 Stealth
 + Level 5.0 Shields
 + Level 5.0 Unarmed Combat
 + Level 5.0 Spellcasting
 + Level 4.1 Conjurations
 + Level 4.1 Hexes
 + Level 4.1 Summonings
 + Level 4.1 Necromancy
 + Level 4.1 Translocations
 + Level 4.1 Transmutations
 + Level 4.1 Fire Magic
 + Level 4.1 Ice Magic
 + Level 4.1 Air Magic
 + Level 4.1 Earth Magic
 + Level 4.1 Poison Magic
 + Level 5.5 Invocations
 + Level 5.0 Evocations


You had 19 spell levels left.
You didn't know any spells.
Your spell library contained the following spells:

 Spells                   Type           Power      Damage    Failure   Level
 Necrotise                Necr           44%        1d6       43%         1
 Shock                    Conj/Air       44%        1d5       43%         1
 Ensorcelled Hibernation  Hex/Ice        22%        N/A       56%         2
 Dazzling Flash           Conj/Hex       22%        N/A       80%         3
 Portal Projectile        Hex/Tloc       22%        N/A       80%         3
 Spider Form              Tmut/Pois      11%        N/A       80%         3
 Swiftness                Air            11%        N/A       80%         3
 Tukima's Dance           Hex            11%        N/A       80%         3
 Vampiric Draining        Necr           11%        2d6       80%         3
 Airstrike                Air            5%         2d(1-17)  99%         4
 Anguish                  Hex/Necr       5%         N/A       99%         4
 Iskenderun's Mystic Bla  Conj/Tloc      11%        2d4       99%         4
 Agony                    Necr           11%        N/A       100%        5
 Blade Hands              Tmut           5%         N/A       100%        5
 Starburst                Conj/Fire      5%         6d4       100%        6


Dungeon Overview and Level Annotations

Branches:
Dungeon (8/15)             Temple (1/1) D:4
   Lair: D:8-11

Altars:
Ashenzari
Cheibriados
Dithmenos
Elyvilon
Fedhas
Gozag
Hepliaklqana
Kikubaaqudgha
Makhleb
Nemelex Xobeh
Qazlal
Ru
Sif Muna
Trog
Uskayaw
Vehumet
Wu Jian
Xom
Zin
The Shining One

Annotations:
D:5 Zonian's ghost, novice DsNe
D:8 Erica


Innate Abilities, Weirdness & Mutations

You have very sharp teeth.
Your uncanny sense of smell can sniff out nearby items.
Your experience applies equally to all skills.


Message History

A bolt of acid appears from out of thin air!
The bolt of acid misses you.
You are no longer corroded.
You recover from your berserk rage.
You feel yourself slow down.
No target in view!
You hear some strange, mumbled words.
Something tries to affect you, but you resist.
Something hits you! Something burns you.
You hear some strange, mumbled words.
You are confused.
You hear some strange, mumbled words.
A lance of force appears from out of thin air!
The lance of force hits you!
You are knocked back by the lance of force.
You slam into the rock wall!
You feel better.
You hear some strange, mumbled words.
A bolt of poison appears from out of thin air!
The bolt of poison hits you!
You are poisoned.
Something tries to affect you, but you resist.
You feel very sick.
You feel very sick.
Erica appears from thin air!
Reactivating autopickup.
Erica zaps a wand.
The bolt of acid hits you!
Erica zaps a wand.
The bolt of acid hits you!!
* * * LOW HITPOINT WARNING * * *
You feel much better.
You feel very sick.
Erica hits you with a +4 scimitar of flaming!
* * * LOW HITPOINT WARNING * * *
Erica burns you.
* * * LOW HITPOINT WARNING * * *
Okay, then.
You feel very mighty all of a sudden.
You feel sick.
Erica hits you with a +4 scimitar of flaming!
You die...

#. #.## #.#.### # #.
#.# ######...# ##
#@# #.# ##.......##
#. #..
##.###..#.....# #.
#.. #..##..##.#####
#.
.#.##..###.##..#...#
#.
........†..##.#..###
#.
........####.@..##
#. #.......##...@.##
## #..........##.##
# #.........##..#
#.......#.##.##
#.......#.##.
#######
#............
##...... ##### ####.
######....... 8#
...........>. #
.............


You could see Erica.

Vanquished Creatures
  Psyche (D:8)
  A troll (D:7)
  Sigmund (D:2)
  Edmund (D:6)
  A water moccasin (D:7)
  4 sky beasts
  An ice beast (D:7)
  An ogre (D:6)
  A centaur (D:7)
  2 kobold brigands
  A bullfrog (D:6)
  A necrophage (D:6)
  A scorpion (D:5)
  A gnoll sergeant (D:8)
  7 killer bees
  5 howler monkeys
  A jelly (D:7)
  2 orc priests (D:7)
  A gnoll bouda (D:7)
  6 hounds
  7 orc wizards
  Natasha (thrice) (D:2)
  5 iguanas
  6 adders
  9 gnolls
  A shadow imp (D:7)
  4 worms
  2 dart slugs (D:5)
  16 orcs
  3 bats
  5 endoplasms
  A giant cockroach (D:3)
  3 goblins
  5 hobgoblins
  11 jackals
  7 quokkas
  6 ball pythons
  3 frilled lizards (D:1)
  13 kobolds
  3 rats
153 creatures vanquished.

Vanquished Creatures (others)
  2 kobolds (D:8)
  2 plants (D:1)
4 creatures vanquished.

Grand Total: 157 creatures vanquished

Notes
Turn   | Place    | Note
-------+----------+-------------------------------------------
     0 | D:1      | Reached skill level 10 in Armour
     0 | D:1      | Bravis the Gnoll Wanderer began the quest for the Orb.
     0 | D:1      | Bravis set off with the following items: a +0 sling, a +2
                  | scale mail, a scroll of teleportation, a scroll of fog.
     0 | D:1      | Reached XP level 1. HP: 20/20 MP: 1/1
   283 | D:1      | Reached XP level 2. HP: 12/26 MP: 2/2
   632 | D:1      | Found a faded altar of an unknown god.
  1072 | D:1      | Reached XP level 3. HP: 30/31 MP: 3/3
  1634 | D:1      | Reached skill level 1 in Invocations
  1857 | D:1      | You fall into a shaft and drop 1 floor!
  1904 | D:2      | Noticed Sigmund
  2073 | D:3      | Reached skill level 1 in Short Blades
  2073 | D:3      | Reached skill level 1 in Long Blades
  2073 | D:3      | Reached skill level 1 in Axes
  2073 | D:3      | Reached skill level 1 in Maces & Flails
  2073 | D:3      | Reached skill level 1 in Polearms
  2073 | D:3      | Reached skill level 1 in Staves
  2073 | D:3      | Reached skill level 1 in Throwing
  2073 | D:3      | Reached skill level 1 in Dodging
  2073 | D:3      | Reached skill level 1 in Shields
  2073 | D:3      | Reached skill level 1 in Unarmed Combat
  2073 | D:3      | Reached skill level 1 in Spellcasting
  2073 | D:3      | Reached skill level 1 in Evocations
  2377 | D:3      | Reached XP level 4. HP: 37/38 MP: 5/5
  2933 | D:2      | Killed Sigmund
  2934 | D:2      | Reached skill level 1 in Conjurations
  2934 | D:2      | Reached skill level 1 in Hexes
  2934 | D:2      | Reached skill level 1 in Summonings
  2934 | D:2      | Reached skill level 1 in Necromancy
  2934 | D:2      | Reached skill level 1 in Translocations
  2934 | D:2      | Reached skill level 1 in Transmutations
  2934 | D:2      | Reached skill level 1 in Fire Magic
  2934 | D:2      | Reached skill level 1 in Ice Magic
  2934 | D:2      | Reached skill level 1 in Air Magic
  2934 | D:2      | Reached skill level 1 in Earth Magic
  2934 | D:2      | Reached skill level 1 in Poison Magic
  2934 | D:2      | Reached XP level 5. HP: 25/43 MP: 5/7
  2934 | D:2      | Reached XP level 6. HP: 29/50 MP: 5/8
  3203 | D:2      | Noticed Natasha
  3222 | D:2      | Killed Natasha
  3223 | D:2      | Reached skill level 5 in Fighting
  3258 | D:2      | Noticed Natasha
  3265 | D:2      | Killed Natasha
  3527 | D:2      | Noticed Natasha
  3537 | D:2      | Killed Natasha
  3677 | D:4      | Found a hide-covered altar of Uskayaw.
  3720 | D:4      | Found a staircase to the Ecumenical Temple.
  4490 | D:5      | Entered Level 5 of the Dungeon
  4616 | D:5      | Reached XP level 7. HP: 50/56 MP: 10/10
  5132 | D:5      | Found a runed translucent door.
  5136 | D:5      | Noticed Zonian's ghost (novice DsNe)
  5952 | D:6      | Reached skill level 5 in Stealth
  6029 | D:6      | Identified the +6 scimitar of Calculation {drain, *Rage Fly
                  | Str+4}
  6189 | D:6      | Reached XP level 8. HP: 60/63 MP: 12/12
  6500 | D:6      | Noticed Edmund
  6513 | D:6      | Killed Edmund
  6871 | D:5      | Reached skill level 11 in Armour
  7117 | Temple   | Entered the Ecumenical Temple
  7483 | D:7      | Noticed a troll
  7514 | D:7      | Killed a troll
  7575 | D:7      | Reached XP level 9. HP: 69/69 MP: 14/14
  7718 | D:7      | Paralysed by a gnoll bouda for 3 turns
  7741 | D:7      | Paralysed by a gnoll bouda for 2 turns
  7770 | D:7      | Reached skill level 5 in Ranged Weapons
  7842 | D:7      | Found a hazy altar of Hepliaklqana.
  8293 | D:8      | Reached skill level 5 in Invocations
  8331 | D:8      | Noticed Psyche
  8334 | D:8      | Killed Psyche
  8618 | D:8      | Reached skill level 5 in Short Blades
  8618 | D:8      | Reached skill level 5 in Long Blades
  8618 | D:8      | Reached skill level 5 in Axes
  8618 | D:8      | Reached skill level 5 in Maces & Flails
  8618 | D:8      | Reached skill level 5 in Polearms
  8618 | D:8      | Reached skill level 5 in Staves
  8618 | D:8      | Reached skill level 5 in Throwing
  8618 | D:8      | Reached skill level 5 in Dodging
  8618 | D:8      | Reached skill level 5 in Shields
  8618 | D:8      | Reached skill level 5 in Unarmed Combat
  8618 | D:8      | Reached skill level 5 in Spellcasting
  8618 | D:8      | Reached skill level 5 in Evocations
  8618 | D:8      | Reached XP level 10. HP: 72/77 MP: 17/17
  8622 | D:8      | Noticed Erica
  8668 | D:8      | Slain by Erica

Illustrated notes

Levels and vault maps discovered:
D:1:      minmay_arrival_open_corners, layout_loops_corners,
          basic_ecumenical_altar, serial_forest, infiniplex_forest_clump_curved,
          infiniplex_forest_end_double, infiniplex_forest_clump_long,
          infiniplex_forest_straight_4, infiniplex_forest_straight_3,
          infiniplex_forest_lined_2, infiniplex_forest_end_double,
          minmay_misc_feat_tiny
D:2:      layout_basic, uniq_sigmund, uniq_natasha
D:3:      layout_basic
D:4:      layout_cave_pods, nicolae_uskayaw_dance_hall,
          minmay_temple_entry_drinking_statues, dk_noncrumbling_4
D:5:      layout_loops_cross, ebering_ghost_reflecting_pool,
          chequers_serial_rivers_large_a
D:6:      layout_cave_pods, uniq_edmund
D:7:      layout_basic, mainiacjoe_overflow_boulevard
D:8:      layout_rooms, lemuel_mausoleum_altar_yredelemnul, uniq_psyche,
          uniq_erica
Temple:   hc_temple_tempest_star

Skill      XL: |  1  2  3  4  5  6  7  8  9 |
---------------+----------------------------+-----
Armour         | 11 | 11.5
Invocations    | 1 2 3 4 5 |  5.5
Short Blades   | 1 2 3 5 |  5.0
Long Blades    | 1 2 3 5 |  5.0
Axes           | 1 2 3 5 |  5.0
Maces & Flails | 1 2 3 5 |  5.0
Polearms       | 1 2 3 5 |  5.0
Staves         | 1 2 3 5 |  5.0
Throwing       | 1 2 3 5 |  5.0
Dodging        | 1 2 3 5 |  5.0
Shields        | 1 2 3 5 |  5.0
Unarmed Combat | 1 2 3 5 |  5.0
Spellcasting   | 1 2 3 5 |  5.0
Evocations     | 1 2 3 5 |  5.0
Ranged Weapons | 3 4 5 |  5.7
Conjurations   | 1 2 3 4 |  4.1
Hexes          | 1 2 3 4 |  4.1
Summonings     | 1 2 3 4 |  4.1
Necromancy     | 1 2 3 4 |  4.1
Translocations | 1 2 3 4 |  4.1
Transmutations | 1 2 3 4 |  4.1
Fire Magic     | 1 2 3 4 |  4.1
Ice Magic      | 1 2 3 4 |  4.1
Air Magic      | 1 2 3 4 |  4.1
Earth Magic    | 1 2 3 4 |  4.1
Poison Magic   | 1 2 3 4 |  4.1
Fighting       | 5 6 |  6.8
Stealth        | 5 6 |  6.6

Action                   |  1- 3 |  4- 6 |  7- 9 | 10-12 || total
-------------------------+-------+-------+-------+-------++-------
Melee: Dagger            |       |   154 |    63 |       ||   217
       Bite              |       |    13 |    29 |       ||    42
       Punch             |       |     2 |     5 |       ||     7
       Scimitar          |       |       |   197 |     3 ||   200
 Fire: Sling             |   191 |     6 |       |       ||   197
Evoke: Wand              |       |       |     4 |     2 ||     6
  Use: Scroll            |     4 |     6 |    10 |       ||    20
       Potion            |     1 |     2 |     8 |     3 ||    14
Armor: Scale mail        |   116 |    81 |    50 |       ||   247
       Fire dragon scale |       |       |    20 |       ||    20
       Troll leather arm |       |       |    57 |     1 ||    58
Dodge: Dodged            |   105 |    71 |   272 |     2 ||   450
Block: Tower shield      |       |       |    33 |     2 ||    35

Table legend: (Time is in decaauts)
 A = Elapsed time spent in this place.
 B = Non-inter-level travel time spent in this place.
 C = Inter-level travel time spent in this place.
 D = Time resting spent in this place.
 E = Time spent auto-exploring this place.
 F = Levels seen in this place.
 G = Mean time per level.
                   A        B        C        D        E       F      G
               +--------+--------+--------+--------+--------+-----+--------+
         Total |   8914 |   8576 |    338 |      0 |   6630 |   9 |  990.4 |
       Dungeon |   8662 |   8352 |    310 |      0 |   6423 |   8 | 1082.8 |
        Temple |    251 |    223 |     28 |      0 |    207 |   1 |  251.0 |
               +--------+--------+--------+--------+--------+-----+--------+

Top non-repeatable levels by time:
     D:5: 1783 daAuts
     D:1: 1763 daAuts
     D:2: 993 daAuts
     D:3: 972 daAuts
     D:6: 910 daAuts
     D:7: 908 daAuts
     D:4: 891 daAuts
     D:8: 438 daAuts
  Temple: 251 daAuts
